 Dungeon Crawl Stone Soup version 0.31-a0-981-geadf994542 (webtiles) character file.

Game seed: 13310882891426661676

41 Malachi the Ruffian (level 3, -3/23 HPs)
             Began as an Octopode Shapeshifter on Oct 31, 2023.
             Slain by a cerulean imp
             ... wielding a +1 spear
             ... summoned by Natasha
              (4 damage)
             ... on level 2 of the Dungeon.
             The game lasted 00:01:02 (483 turns).

Malachi the Ruffian (Octopode Shapeshifter)          Turns: 483, Time: 00:01:02

Health: -3/23      AC:  1    Str: 15    XL:     3   Next: 52%
Magic:  3/3        EV: 13    Int: 12    God:
Gold:   59         SH:  0    Dex: 11    Spells: 2/2 levels left

rFire   . .          .
                       - Unarmed
rCold   . . .        (no shield)
rNeg    . . .        (helmet currently unavailable)
rPois   .            (no amulet)
rElec   .            (no ring)
rCorr   .            (no ring)
SInv    .            (no ring)
Will    .....        (no ring)
Stlth   ++           (no ring)
HPRegen 0.23/turn    (no ring)
MPRegen 0.08/turn    (no ring)
                     (no ring)

%: no passive effects
@: beast-form
A: beast (slay +1), almost no armour, amphibious, 8 rings, camouflage 1,
gelatinous body 1, (nimble swimmer 1), tentacles
a: Begin Untransformation


You were on level 2 of the Dungeon.
You were a hulking beast.
You visited 1 branch of the dungeon, and saw 2 of its levels.

You collected 59 gold pieces.

Inventory:

Talismans
 b - a beast talisman
 c - a flux talisman
Scrolls
 e - a scroll of fear
 f - 2 scrolls of identify
Potions
 a - a potion of lignification
 d - a potion of enlightenment


   Skills:
 - Level 1.0 Fighting
 - Level 2.0 Dodging
 + Level 4.4 Unarmed Combat
 - Level 3.0 Shapeshifting


You had 2 spell levels left.
You didn't know any spells.
Your spell library contained the following spells:

 Spells                   Type           Power      Damage    Failure   Level
 Summon Small Mammal      Summ           0%         N/A       32%         1
 Call Canine Familiar     Summ           0%         N/A       69%         3
 Summon Guardian Golem    Hex/Summ       0%         N/A       69%         3


Dungeon Overview and Level Annotations

Branches:
Dungeon (2/15)

Altars:

Shops:
D:1 (

Annotations:
D:2 Natasha


Innate Abilities, Weirdness & Mutations

You are a hulking beast.
Your limbs bulge with bestial killing power. (Slay +1)
You cannot wear most types of armour.
You are amphibious.
You can wear up to eight rings at the same time.
Your skin changes colour to match your surroundings (Stealth+).
Your rubbery body absorbs attacks. (AC +1, EV +1)
((You are camouflaged when in or above water. (Stealth+)))
You have tentacles for arms and can constrict up to eight enemies at once.


Message History

You tentacle-slap the adder.
You kill the adder!
Natasha casts a spell.
The cerulean imp closely misses you. The cerulean imp barely misses you.
The cerulean imp hits you from afar with a +2 spear.
You closely miss the cerulean imp. Your grab misses the cerulean imp.
Your squeeze misses the cerulean imp.
The cerulean imp hits you with a +2 spear.
The cerulean imp hits you from afar with a +2 spear.
You miss the cerulean imp. Your grab misses the cerulean imp.
You tentacle-slap the cerulean imp.
The cerulean imp is lightly wounded.
The cerulean imp hits you with a +2 spear.
The cerulean imp barely misses you.
You are too injured to fight recklessly!
You are too injured to fight recklessly!
You are too injured to fight recklessly!
You are too injured to fight recklessly!
The cerulean imp misses you.
The cerulean imp hits you from afar with a +2 spear.
* * * LOW HITPOINT WARNING * * *
The cerulean imp attacks as it pursues you!
The cerulean imp closely misses you.
Natasha mumbles some strange words.
Natasha shimmers violently.
The cerulean imp closely misses you.
Press: ? - help, . - travel You can't see that place. [the floor.]
The frilled lizard hisses angrily.
The cerulean imp barely misses you. The cerulean imp barely misses you.
The cerulean imp closely misses you.
The cerulean imp attacks as it pursues you!
The cerulean imp hits you from afar with a +2 spear.
* * * LOW HITPOINT WARNING * * *
You completely miss the adder. Your grab misses the adder.
The cerulean imp hits you from afar with a +1 spear.
You die...

#..........
#..........# ####
#..........#
#...##...........
#................
#....#...........
#.....l......#
#..5........#
#.###h######
#.)5S.#
####h5######
#..........#
#..........#
#..........#
#.<........#
#............
...............


You could see Natasha, 3 cerulean imps, an adder and a frilled lizard.

Vanquished Creatures
  An adder (D:2)
  2 dart slugs
  2 ball pythons (D:1)
  3 endoplasms (D:1)
  A giant cockroach (D:1)
  2 goblins
  5 hobgoblins (D:1)
  3 kobolds (D:1)
  3 bats (D:1)
  A frilled lizard (D:1)
  A rat (D:1)
24 creatures vanquished.

Notes
Turn   | Place    | Note
-------+----------+-------------------------------------------
     0 | D:1      | Malachi the Octopode Shapeshifter began the quest for the
                  | Orb.
     0 | D:1      | Reached XP level 1. HP: 13/13 MP: 1/1
    33 | D:1      | Reached XP level 2. HP: 8/18 MP: 2/2
   168 | D:1      | Reached skill level 4 in Unarmed Combat
   210 | D:1      | Reached XP level 3. HP: 19/23 MP: 3/3
   339 | D:1      | Noticed a +0 giant club
   341 | D:1      | Found Yveymuni's Weapon Shop.
   356 | D:1      | Noticed a +0 demon whip
   461 | D:2      | Noticed Natasha
   482 | D:2      | HP: 1/23 [cerulean imp/+2 spear[Natasha] (3)]
   483 | D:2      | Slain by a cerulean imp

Illustrated notes

Levels and vault maps discovered:
D:1:      saegor_arrival_simple_b, layout_rooms, serial_shops,
          nicolae_shop_mannequins
D:2:      layout_rooms, palyth_stone_intersect, hex_medium, uniq_natasha,
          uniq_crazy_yiuf_cottage

Skill      XL: |  1  2 |
---------------+-------+-----
Unarmed Combat | 4 |  4.4
Fighting       | |  1.0
Dodging        | |  2.0
Shapeshifting  | |  3.0

Action                     || total
---------------------------++-------
  Melee: Unarmed           ||    38
         Constrict         ||    10
         Tentacles         ||     3
         Punch             ||     2
    Use: Scroll            ||     2
 Armour: Skin              ||    22
  Dodge: Dodged            ||    34

Table legend: (Time is in decaauts)
 A = Elapsed time spent in this place.
 B = Non-inter-level travel time spent in this place.
 C = Inter-level travel time spent in this place.
 D = Time resting spent in this place.
 E = Time spent auto-exploring this place.
 F = Levels seen in this place.
 G = Mean time per level.
                   A        B        C        D        E       F      G
               +--------+--------+--------+--------+--------+-----+--------+
         Total |    480 |    475 |      5 |      0 |    353 |   2 |  240.0 |
       Dungeon |    480 |    475 |      5 |      0 |    353 |   2 |  240.0 |
               +--------+--------+--------+--------+--------+-----+--------+

Top non-repeatable levels by time:
     D:1: 459 daAuts
     D:2: 21 daAuts
